[Event "Live Chess"]
[Site "Chess.com"]
[Date "2010.12.06"]
[Round "-"]
[White "miudyk"]
[Black "hipposcottimus"]
[Result "1-0"]
[CurrentPosition "5rk1/6QR/2Pr3p/1P6/7P/5pP1/5P2/6K1 b - -"]
[Timezone "UTC"]
[ECO "C55"]
[ECOUrl "https://www.chess.com/openings/Italian-Game-Two-Knights-Modern-Bishops-Opening-4...d5-5.exd5"]
[UTCDate "2010.12.06"]
[UTCTime "22:24:20"]
[WhiteElo "1639"]
[BlackElo "1615"]
[TimeControl "60"]
[Termination "miudyk won by checkmate"]
[StartTime "22:24:20"]
[EndDate "2010.12.06"]
[EndTime "22:26:11"]
[Link "https://www.chess.com/game/live/74732388"]

1. e4 e5 2. Nf3 Nc6 3. Bc4 Nf6 4. d3 d5 5. exd5 Na5 6. Bb3 Nxb3 7. axb3 Nxd5 8. O-O Bd6 9. h3 Ne7 10. Bg5 f6 11. Be3 O-O 12. Nbd2 f5 13. c3 f4 14. Bxf4 exf4 15. b4 Ng6 16. Qb3+ Kh8 17. c4 Qf6 18. c5 Be6 19. Qc2 Be5 20. Nb3 Bxb2 21. Rae1 Be5 22. d4 Bxb3 23. Qxb3 Bxd4 24. Nxd4 Qxd4 25. Rd1 Qf6 26. Qf3 Qg5 27. Rd5 Rae8 28. Rxg5 Ne5 29. Rxe5 Rxe5 30. Qxb7 Rg5 31. Qxc7 f3 32. g3 Rg6 33. h4 Rg8 34. Re1 h6 35. Qxa7 Kh7 36. Re7 Rf8 37. b5 Rgf6 38. c6 Rd6 39. Rxg7+ Kh8 40. Rh7+ Kg8 41. Qg7# 1-0

[Event "Live Chess"]
[Site "Chess.com"]
[Date "2010.12.06"]
[Round "-"]
[White "hipposcottimus"]
[Black "miudyk"]
[Result "1-0"]
[CurrentPosition "7r/3b3Q/4k1p1/p3q3/1p3n2/1P6/5P1P/R5RK b - -"]
[Timezone "UTC"]
[ECO "B20"]
[ECOUrl "https://www.chess.com/openings/Sicilian-Defense"]
[UTCDate "2010.12.06"]
[UTCTime "22:21:55"]
[WhiteElo "1623"]
[BlackElo "1631"]
[TimeControl "60"]
[Termination "hipposcottimus won on time"]
[StartTime "22:21:55"]
[EndDate "2010.12.06"]
[EndTime "22:23:56"]
[Link "https://www.chess.com/game/live/74731723"]

1. e4 c5 2. Bb5 a6 3. Be2 Nc6 4. Nf3 b5 5. c4 b4 6. a3 a5 7. axb4 cxb4 8. b3 d6 9. d4 e6 10. d5 exd5 11. cxd5 Nce7 12. Bb5+ Bd7 13. Bc4 g6 14. O-O Nf6 15. Bg5 Bg7 16. e5 dxe5 17. d6 Nc6 18. Qd5 O-O 19. Nxe5 Nxe5 20. Qxe5 Nh5 21. Qf4 Qb6 22. Qh4 h6 23. Be3 Qxd6 24. Bxf7+ Rxf7 25. Nd2 Nf4 26. Nf3 Nxg2 27. Bxh6 Bxh6 28. Qxh6 Nf4 29. Ng5 Qe5 30. Nxf7 Kxf7 31. Qh7+ Ke6 32. Kh1 Rh8 33. Rg1 1-0

[Event "Live Chess"]
[Site "Chess.com"]
[Date "2010.12.06"]
[Round "-"]
[White "miudyk"]
[Black "hipposcottimus"]
[Result "0-1"]
[CurrentPosition "8/5q2/6k1/4K3/8/8/7p/8 w - -"]
[Timezone "UTC"]
[ECO "C65"]
[ECOUrl "https://www.chess.com/openings/Ruy-Lopez-Opening-Berlin-Defense-4.Bxc6-dxc6-5.d3"]
[UTCDate "2010.12.06"]
[UTCTime "22:19:11"]
[WhiteElo "1640"]
[BlackElo "1614"]
[TimeControl "60"]
[Termination "hipposcottimus won on time"]
[StartTime "22:19:11"]
[EndDate "2010.12.06"]
[EndTime "22:21:35"]
[Link "https://www.chess.com/game/live/74731011"]

1. e4 e5 2. Nf3 Nc6 3. Bb5 Nf6 4. Bxc6 dxc6 5. d3 Bd6 6. h3 c5 7. O-O b6 8. c4 Bb7 9. b3 O-O 10. a4 Nh5 11. Bd2 Nf4 12. a5 Nxd3 13. a6 Bxe4 14. Bg5 Bg6 15. Bxd8 Rfxd8 16. Ne1 Nb2 17. Ra2 Nxd1 18. Nf3 e4 19. Rxd1 exf3 20. gxf3 Bh2+ 21. Kxh2 Rxd1 22. Nc3 Rd3 23. Ne4 Rxf3 24. Ng5 Rxf2+ 25. Rxf2 f6 26. Nf3 Rd8 27. Rd2 Rxd2+ 28. Nxd2 Bf5 29. Kg3 Bc2 30. h4 b5 31. cxb5 Bd3 32. b6 cxb6 33. Nc4 Bxc4 34. bxc4 g6 35. Kf4 Kf7 36. Ke4 f5+ 37. Ke5 Kg7 38. Kd6 h6 39. Kc7 b5 40. Kb7 b4 41. Kxa7 b3 42. Kb8 b2 43. a7 b1=Q+ 44. Ka8 Qa1 45. h5 f4 46. Kb8 f3 47. hxg6 Qxa7+ 48. Kxa7 Kxg6 49. Kb7 f2 50. Kc6 f1=Q 51. Kd6 Qxc4 52. Ke7 Qf7+ 53. Kd6 h5 54. Kxc5 h4 55. Kd4 h3 56. Ke5 h2 0-1

[Event "Live Chess"]
[Site "Chess.com"]
[Date "2010.12.06"]
[Round "-"]
[White "hipposcottimus"]
[Black "miudyk"]
[Result "0-1"]
[CurrentPosition "2R5/7p/6p1/8/8/2pk3P/6r1/1K6 w - -"]
[Timezone "UTC"]
[ECO "B20"]
[ECOUrl "https://www.chess.com/openings/Sicilian-Defense"]
[UTCDate "2010.12.06"]
[UTCTime "22:16:13"]
[WhiteElo "1605"]
[BlackElo "1649"]
[TimeControl "60"]
[Termination "miudyk won on time"]
[StartTime "22:16:13"]
[EndDate "2010.12.06"]
[EndTime "22:18:35"]
[Link "https://www.chess.com/game/live/74730233"]

1. e4 c5 2. Bb5 a6 3. Be2 d6 4. Nf3 Nc6 5. c4 g6 6. d3 Bg7 7. Nc3 Nf6 8. Bg5 Bg4 9. e5 dxe5 10. Bxf6 Bxf6 11. Nxe5 Nxe5 12. Bxg4 Nxg4 13. Qxg4 O-O 14. O-O Qc8 15. Qg3 Qb8 16. Qg4 Be5 17. f4 Bxc3 18. bxc3 Qd6 19. f5 Qxd3 20. fxg6 Qe3+ 21. Kh1 fxg6 22. Rae1 Qxc3 23. Qe6+ Kh8 24. Rxf8+ Rxf8 25. Qxe7 Qg7 26. h3 Qxe7 27. Rxe7 Rf2 28. Kh2 Rxa2 29. Rxb7 Rc2 30. Rb6 Rxc4 31. Rxa6 Rd4 32. Rc6 c4 33. Rc7 Kg8 34. Rc8+ Kf7 35. Kg3 Ke6 36. Kf3 Kd5 37. Ke3 Re4+ 38. Kd2 Kd4 39. Kc2 Re2+ 40. Kd1 Kd3 41. Kc1 Kc3 42. Kd1 Kd3 43. Kc1 c3 44. Kb1 Rxg2 0-1

[Event "Live Chess"]
[Site "Chess.com"]
[Date "2010.12.06"]
[Round "-"]
[White "wayne_simpson"]
[Black "hipposcottimus"]
[Result "0-1"]
[CurrentPosition "r5k1/pp3ppp/8/3p4/6q1/2Q5/PP3n1P/R1B4K w - -"]
[Timezone "UTC"]
[ECO "D11"]
[ECOUrl "https://www.chess.com/openings/Slav-Defense-Modern-Line"]
[UTCDate "2010.12.06"]
[UTCTime "22:14:25"]
[WhiteElo "1396"]
[BlackElo "1612"]
[TimeControl "60"]
[Termination "hipposcottimus won by checkmate"]
[StartTime "22:14:25"]
[EndDate "2010.12.06"]
[EndTime "22:15:33"]
[Link "https://www.chess.com/game/live/74729779"]

1. d4 d5 2. c4 c6 3. Nf3 Nd7 4. e3 e6 5. Nbd2 Ngf6 6. Be2 Bb4 7. O-O Bxd2 8. Qxd2 O-O 9. Qc3 Re8 10. Qc2 e5 11. cxd5 cxd5 12. dxe5 Nxe5 13. Nxe5 Rxe5 14. Bd3 Re8 15. g4 Bxg4 16. Kh1 Bf3+ 17. Kg1 Be4 18. Bxe4 Rxe4 19. Kh1 Rg4 20. Rg1 Rxg1+ 21. Kxg1 Qd7 22. e4 Qg4+ 23. Kh1 Nxe4 24. Qc3 Nxf2# 0-1

[Event "Live Chess"]
[Site "Chess.com"]
[Date "2010.12.06"]
[Round "-"]
[White "hipposcottimus"]
[Black "Maddy1234"]
[Result "1-0"]
[CurrentPosition "r6r/3pk1p1/1Q2p3/2p1n1p1/3n4/8/PPP2PPP/3R1K2 b - -"]
[Timezone "UTC"]
[ECO "C40"]
[ECOUrl "https://www.chess.com/openings/Kings-Pawn-Opening-Kings-Knight-McConnell-Defense"]
[UTCDate "2010.12.06"]
[UTCTime "22:12:05"]
[WhiteElo "1608"]
[BlackElo "1356"]
[TimeControl "60"]
[Termination "hipposcottimus won on time"]
[StartTime "22:12:05"]
[EndDate "2010.12.06"]
[EndTime "22:13:58"]
[Link "https://www.chess.com/game/live/74729169"]

1. e4 e5 2. Nf3 Qf6 3. Nc3 c6 4. d4 exd4 5. e5 Qg6 6. Qxd4 c5 7. Qd3 Qe6 8. Be2 b6 9. O-O Ba6 10. Nb5 Nc6 11. Nd6+ Bxd6 12. Qxd6 Bxe2 13. Ng5 Bxf1 14. Nxe6 fxe6 15. Kxf1 Nh6 16. Bg5 Nf5 17. Qc7 h6 18. Qb7 Rb8 19. Qa6 hxg5 20. Rd1 Nxe5 21. Qxa7 Ke7 22. Qa3 Ra8 23. Qb3 Nd4 24. Qxb6 1-0

[Event "Live Chess"]
[Site "Chess.com"]
[Date "2010.12.06"]
[Round "-"]
[White "Maddy1234"]
[Black "hipposcottimus"]
[Result "0-1"]
[CurrentPosition "2krr3/ppp4p/6pB/3ppq2/3P1P1P/N6N/PP6/4RKR1 w - -"]
[Timezone "UTC"]
[ECO "C20"]
[ECOUrl "https://www.chess.com/openings/Kings-Pawn-Opening-Wayward-Queen-Kiddie-Countergambit"]
[UTCDate "2010.12.06"]
[UTCTime "22:09:20"]
[WhiteElo "1359"]
[BlackElo "1605"]
[TimeControl "60"]
[Termination "hipposcottimus won on time"]
[StartTime "22:09:20"]
[EndDate "2010.12.06"]
[EndTime "22:11:30"]
[Link "https://www.chess.com/game/live/74728533"]

1. e4 e5 2. Qh5 Nf6 3. Qxe5+ Be7 4. Qg5 d5 5. e5 Nh5 6. Qxh5 Bg5 7. h4 Bh6 8. g4 g6 9. Qxh6 Bxg4 10. d3 Nc6 11. Bg5 Qd7 12. Qg7 Rf8 13. Bh6 O-O-O 14. Qf6 Nd4 15. Na3 Rfe8 16. f4 Qe6 17. c3 Qxf6 18. cxd4 Qf5 19. Bh3 Bxh3 20. Nxh3 Qxd3 21. Rd1 Qe4+ 22. Kf1 f6 23. Rg1 fxe5 24. Re1 Qf5 0-1

[Event "Live Chess"]
[Site "Chess.com"]
[Date "2010.12.06"]
[Round "-"]
[White "caturku1"]
[Black "hipposcottimus"]
[Result "0-1"]
[CurrentPosition "4rr1k/p2R2pp/2p5/n6b/B1p2p2/2P2P2/PBP3PP/4R1K1 w - -"]
[Timezone "UTC"]
[ECO "C47"]
[ECOUrl "https://www.chess.com/openings/Four-Knights-Game-Scotch-Variation"]
[UTCDate "2010.12.06"]
[UTCTime "22:07:25"]
[WhiteElo "1483"]
[BlackElo "1602"]
[TimeControl "60"]
[Termination "hipposcottimus won on time"]
[StartTime "22:07:25"]
[EndDate "2010.12.06"]
[EndTime "22:09:11"]
[Link "https://www.chess.com/game/live/74727854"]

1. e4 e5 2. Nf3 Nc6 3. Nc3 Nf6 4. d4 d5 5. exd5 e4 6. Ng5 Nxd5 7. Ngxe4 Qe7 8. Qe2 f5 9. Nc5 Qxe2+ 10. Bxe2 Nxc3 11. bxc3 Bxc5 12. dxc5 O-O 13. O-O f4 14. Bc4+ Kh8 15. Bb2 Bg4 16. f3 Na5 17. Bd5 c6 18. Bb3 Bh5 19. Rad1 b6 20. Rd7 bxc5 21. Re1 c4 22. Ba4 Rae8 0-1

[Event "Live Chess"]
[Site "Chess.com"]
[Date "2010.12.06"]
[Round "-"]
[White "hipposcottimus"]
[Black "caturku1"]
[Result "0-1"]
[CurrentPosition "6k1/pp3ppp/3p3B/n2P4/6Q1/2N5/PPP2PPP/4r1K1 w - -"]
[Timezone "UTC"]
[ECO "C57"]
[ECOUrl "https://www.chess.com/openings/Italian-Game-Knight-Attack-Polerio-Defense"]
[UTCDate "2010.12.06"]
[UTCTime "22:05:05"]
[WhiteElo "1596"]
[BlackElo "1489"]
[TimeControl "60"]
[Termination "caturku1 won by checkmate"]
[StartTime "22:05:05"]
[EndDate "2010.12.06"]
[EndTime "22:06:39"]
[Link "https://www.chess.com/game/live/74727406"]

1. e4 e5 2. Nf3 Nc6 3. Bc4 Nf6 4. Ng5 d5 5. exd5 Na5 6. Be2 Nxd5 7. d3 e4 8. Nxe4 Bf5 9. O-O Bd6 10. Nxd6+ cxd6 11. Nc3 Nf6 12. Re1 O-O 13. d4 Re8 14. d5 Qe7 15. Bd2 Bg4 16. Bxg4 Nxg4 17. Qxg4 Qf6 18. Rxe8+ Rxe8 19. Bg5 Qe5 20. Bh6 Qe1+ 21. Rxe1 Rxe1# 0-1

[Event "Live Chess"]
[Site "Chess.com"]
[Date "2010.12.06"]
[Round "-"]
[White "caturku1"]
[Black "hipposcottimus"]
[Result "0-1"]
[CurrentPosition "6k1/pp1B2pp/2p5/8/3p1P2/2q5/P1P2RPP/4r1K1 w - -"]
[Timezone "UTC"]
[ECO "C47"]
[ECOUrl "https://www.chess.com/openings/Four-Knights-Game-Scotch-Variation-4...Bb4-5.d5"]
[UTCDate "2010.12.06"]
[UTCTime "22:02:50"]
[WhiteElo "1477"]
[BlackElo "1606"]
[TimeControl "60"]
[Termination "hipposcottimus won on time"]
[StartTime "22:02:50"]
[EndDate "2010.12.06"]
[EndTime "22:04:44"]
[Link "https://www.chess.com/game/live/74726835"]

1. e4 e5 2. Nf3 Nc6 3. Nc3 Nf6 4. d4 Bb4 5. d5 Bxc3+ 6. bxc3 Ne7 7. Bg5 Nxe4 8. Bd3 Nxg5 9. Nxg5 Nxd5 10. Qf3 Qxg5 11. Qxd5 O-O 12. O-O c6 13. Qe4 f5 14. Qxe5 d5 15. f4 Qf6 16. Qe3 Qxc3 17. Rae1 d4 18. Qe5 Bd7 19. Rf3 Rae8 20. Qxe8 Bxe8 21. Rxe8 Rxe8 22. Bxf5 Qe1+ 23. Rf1 Qe3+ 24. Rf2 Qc3 25. Bd7 Re1+ 0-1

[Event "Live Chess"]
[Site "Chess.com"]
[Date "2010.12.06"]
[Round "-"]
[White "CMdestroyer"]
[Black "hipposcottimus"]
[Result "0-1"]
[CurrentPosition "r5k1/pp3ppp/2nb1q2/3p4/P2P4/NPP5/1B2K2P/R5n1 w - -"]
[Timezone "UTC"]
[ECO "A01"]
[ECOUrl "https://www.chess.com/openings/Nimzowitsch-Larsen-Attack-Modern-Variation-2.Bb2"]
[UTCDate "2010.12.06"]
[UTCTime "22:01:27"]
[WhiteElo "1510"]
[BlackElo "1601"]
[TimeControl "60"]
[Termination "hipposcottimus won on time"]
[StartTime "22:01:27"]
[EndDate "2010.12.06"]
[EndTime "22:02:26"]
[Link "https://www.chess.com/game/live/74726377"]

1. b3 e5 2. Bb2 e4 3. d4 d5 4. e3 Nf6 5. Be2 Bb4+ 6. c3 Bd6 7. Nd2 O-O 8. Nb1 c5 9. a4 cxd4 10. exd4 Nc6 11. Nh3 Re8 12. O-O Bxh3 13. gxh3 e3 14. Kh1 Ne4 15. Rg1 exf2 16. Qe1 fxg1=Q+ 17. Qxg1 Qf6 18. Na3 Nf2+ 19. Kg2 Rxe2 20. Kf1 Nxh3+ 21. Kxe2 Nxg1+ 0-1

[Event "Live Chess"]
[Site "Chess.com"]
[Date "2010.12.06"]
[Round "-"]
[White "hipposcottimus"]
[Black "Daniela84"]
[Result "1-0"]
[CurrentPosition "1k6/pp5Q/5p2/4p3/4n3/8/PP3PP1/3r1NK1 b - -"]
[Timezone "UTC"]
[ECO "B01"]
[ECOUrl "https://www.chess.com/openings/Scandinavian-Defense-Mieses-Kotrc-Main-Line-4.d4"]
[UTCDate "2010.12.06"]
[UTCTime "21:58:54"]
[WhiteElo "1595"]
[BlackElo "1461"]
[TimeControl "60"]
[Termination "hipposcottimus won on time"]
[StartTime "21:58:54"]
[EndDate "2010.12.06"]
[EndTime "22:00:44"]
[Link "https://www.chess.com/game/live/74725870"]

1. e4 d5 2. exd5 Qxd5 3. Nc3 Qa5 4. d4 Bf5 5. Bd2 c6 6. Nce2 Qc7 7. Ng3 Bg6 8. Be2 Nf6 9. Nf3 e6 10. O-O Bd6 11. Bg5 Bxg3 12. Bxf6 Bxh2+ 13. Nxh2 gxf6 14. Bf3 Nd7 15. Re1 O-O-O 16. c4 e5 17. d5 cxd5 18. cxd5 Nb6 19. Rc1 Qxc1 20. Qxc1+ Kb8 21. d6 Rxd6 22. Qc5 Rhd8 23. Rc1 Be4 24. Bxe4 Rd1+ 25. Rxd1 Rxd1+ 26. Nf1 Na4 27. Qe7 Nc5 28. Qxf7 Nxe4 29. Qxh7 1-0

[Event "Live Chess"]
[Site "Chess.com"]
[Date "2010.12.06"]
[Round "-"]
[White "formerZezoBEmployee"]
[Black "hipposcottimus"]
[Result "0-1"]
[CurrentPosition "3r2k1/pp3p1p/5pb1/8/8/5P2/PPPN2PP/2K1r3 w - -"]
[Timezone "UTC"]
[ECO "C47"]
[ECOUrl "https://www.chess.com/openings/Four-Knights-Game-Italian-Variation"]
[UTCDate "2010.12.06"]
[UTCTime "21:56:00"]
[WhiteElo "1418"]
[BlackElo "1590"]
[TimeControl "60+1"]
[Termination "hipposcottimus won by checkmate"]
[StartTime "21:56:00"]
[EndDate "2010.12.06"]
[EndTime "21:58:34"]
[Link "https://www.chess.com/game/live/74725140"]

1. e4 e5 2. Nf3 Nc6 3. Nc3 Nf6 4. Bc4 Bb4 5. Ng5 d5 6. exd5 Na5 7. d6 Nxc4 8. dxc7 Qxc7 9. Qf3 O-O 10. d3 Bg4 11. Qg3 Bd6 12. dxc4 e4 13. Qe3 Qxc4 14. Bd2 Bc5 15. Qg3 Rfe8 16. f3 e3 17. O-O-O exd2+ 18. Rxd2 Bh5 19. Qf4 Bg6 20. Qg3 Be3 21. Nce4 Bxd2+ 22. Nxd2 Qe2 23. Rd1 Qe3 24. Ne4 Rad8 25. Nxf6+ gxf6 26. Qe1 Qxe1 27. Rxe1 Rxe1# 0-1

[Event "Live Chess"]
[Site "Chess.com"]
[Date "2010.12.06"]
[Round "-"]
[White "hipposcottimus"]
[Black "cool1000"]
[Result "0-1"]
[CurrentPosition "8/pp6/2kp4/3Nn3/3pPr2/8/P1P3PP/R5K1 w - -"]
[Timezone "UTC"]
[ECO "C40"]
[ECOUrl "https://www.chess.com/openings/Kings-Pawn-Opening-Kings-Knight-Busch-Gass-Gambit"]
[UTCDate "2010.12.06"]
[UTCTime "21:49:01"]
[WhiteElo "1586"]
[BlackElo "1575"]
[TimeControl "60"]
[Termination "cool1000 won on time"]
[StartTime "21:49:01"]
[EndDate "2010.12.06"]
[EndTime "21:51:06"]
[Link "https://www.chess.com/game/live/74723061"]

1. e4 e5 2. Nf3 Bc5 3. Bc4 Bxf2+ 4. Kxf2 d6 5. Re1 c6 6. Kg1 Nf6 7. d3 Ng4 8. Ng5 Qb6+ 9. d4 exd4 10. Bd3 O-O 11. Rf1 c5 12. b3 c4 13. bxc4 Be6 14. Na3 Bxc4 15. Nxc4 Nd7 16. Nxb6 Nc5 17. Nd7 Rfe8 18. Qxg4 Nxd3 19. Nxh7 f6 20. Qf5 Ne5 21. Ndxf6+ Kf7 22. Nh5+ Ke7 23. Qg5+ Kd7 24. N7f6+ Kc6 25. Nxe8 Rxe8 26. Qxg7 Rc8 27. Nf6 Rc7 28. Nd5 Rxg7 29. Rf7 Rxf7 30. Bf4 Rxf4 0-1

[Event "Live Chess"]
[Site "Chess.com"]
[Date "2010.12.06"]
[Round "-"]
[White "karadimis"]
[Black "hipposcottimus"]
[Result "1-0"]
[CurrentPosition "k1rq1b2/pQ5R/5p2/3pp3/3p4/2P1PNP1/PP3PP1/R3K3 b Q -"]
[Timezone "UTC"]
[ECO "D00"]
[ECOUrl "https://www.chess.com/openings/Queens-Pawn-Opening-Levitsky-Attack-2...c6-3.e3"]
[UTCDate "2010.12.06"]
[UTCTime "21:46:16"]
[WhiteElo "1611"]
[BlackElo "1595"]
[TimeControl "60"]
[Termination "karadimis won by checkmate"]
[StartTime "21:46:16"]
[EndDate "2010.12.06"]
[EndTime "21:47:40"]
[Link "https://www.chess.com/game/live/74722573"]

1. d4 d5 2. Bg5 c6 3. e3 f6 4. Bh4 Nh6 5. Bd3 Bf5 6. Nf3 e6 7. c3 Be7 8. Qc2 Bxd3 9. Qxd3 O-O 10. Nbd2 Nf5 11. Bg3 Nxg3 12. hxg3 e5 13. Qxh7+ Kf7 14. Qh5+ Kg8 15. Qh8+ Kf7 16. Qh5+ Kg8 17. Qh7+ Kf7 18. Qh5+ Kg8 19. Qh7+ Kf7 20. Qh5+ g6 21. Qh7+ Ke8 22. Qxg6+ Kd7 23. Qf5+ Kc7 24. Rh7 Nd7 25. Nb3 Rc8 26. Nc5 Kb8 27. Nxd7+ Ka8 28. Nxf8 Bxf8 29. Qg6 c5 30. Qf7 cxd4 31. Qxb7# 1-0

[Event "Live Chess"]
[Site "Chess.com"]
[Date "2010.12.06"]
[Round "-"]
[White "hipposcottimus"]
[Black "karadimis"]
[Result "1-0"]
[CurrentPosition "3k4/p1R1Q1p1/3r1p2/2p3p1/8/8/P5PP/6RK b - -"]
[Timezone "UTC"]
[ECO "A06"]
[ECOUrl "https://www.chess.com/openings/Reti-Opening-Tennison-Gambit"]
[UTCDate "2010.12.06"]
[UTCTime "21:44:16"]
[WhiteElo "1595"]
[BlackElo "1611"]
[TimeControl "60"]
[Termination "hipposcottimus won by checkmate"]
[StartTime "21:44:16"]
[EndDate "2010.12.06"]
[EndTime "21:45:57"]
[Link "https://www.chess.com/game/live/74721997"]

1. e4 d5 2. Nf3 dxe4 3. Ng5 Bf5 4. f3 e6 5. fxe4 Qxg5 6. exf5 Qxf5 7. d4 Bb4+ 8. c3 Bd6 9. Be2 Ne7 10. Bf3 Ng6 11. O-O Qh5 12. Bxh5 O-O 13. Bxg6 hxg6 14. Bg5 Nc6 15. Bf4 e5 16. dxe5 Bc5+ 17. Kh1 Rad8 18. Qf3 Rd2 19. Nxd2 Bg1 20. Rxg1 Nxe5 21. Bxe5 g5 22. Qg4 f6 23. Bxc7 Rc8 24. Bd6 Rd8 25. Bb4 Rxd2 26. c4 Rxb2 27. Be7 Rb6 28. c5 Rc6 29. Bd6 b6 30. Rae1 bxc5 31. Re8+ Kf7 32. Rc8 Rxd6 33. Rc7+ Ke8 34. Qe4+ Kd8 35. Qe7# 1-0

[Event "Live Chess"]
[Site "Chess.com"]
[Date "2010.12.06"]
[Round "-"]
[White "hipposcottimus"]
[Black "Elud"]
[Result "1-0"]
[CurrentPosition "8/7p/3K2p1/6P1/k7/1p6/8/8 b - -"]
[Timezone "UTC"]
[ECO "B07"]
[ECOUrl "https://www.chess.com/openings/Pirc-Defense-Main-Line-Byrne-Variation-4...Bg7-5.e5-dxe5-6.dxe5"]
[UTCDate "2010.12.06"]
[UTCTime "21:41:31"]
[WhiteElo "1595"]
[BlackElo "1298"]
[TimeControl "60"]
[Termination "hipposcottimus won on time"]
[StartTime "21:41:31"]
[EndDate "2010.12.06"]
[EndTime "21:43:49"]
[Link "https://www.chess.com/game/live/74721201"]

1. e4 d6 2. d4 Nf6 3. Nc3 g6 4. Bg5 Bg7 5. e5 dxe5 6. dxe5 Qxd1+ 7. Rxd1 Ng4 8. Nf3 Nxe5 9. Bb5+ c6 10. Nxe5 Bxe5 11. Bd3 Bg4 12. O-O Bxd1 13. Rxd1 e6 14. f4 Bc7 15. g3 Nd7 16. Bh6 O-O-O 17. Bg7 Rhg8 18. Bd4 c5 19. Be5 Bxe5 20. fxe5 Nxe5 21. Be4 b6 22. Re1 Rd2 23. Bb7+ Kxb7 24. Rxe5 Rgd8 25. Re1 Rxc2 26. b3 Rdd2 27. Nb5 Kc6 28. Na3 Rxa2 29. Nc4 Rxh2 30. Ne5+ Kb7 31. Nxf7 Rag2+ 32. Kf1 Rh1+ 33. Kxg2 Rxe1 34. Kf3 e5 35. Ng5 e4+ 36. Nxe4 Rxe4 37. Kxe4 Kc6 38. Kd3 Kb5 39. Kc3 a5 40. g4 a4 41. bxa4+ Kxa4 42. Kc4 b5+ 43. Kxc5 b4 44. g5 b3 45. Kd6 1-0

[Event "Live Chess"]
[Site "Chess.com"]
[Date "2010.12.06"]
[Round "-"]
[White "Elud"]
[Black "hipposcottimus"]
[Result "0-1"]
[CurrentPosition "8/pp1k4/8/5P2/8/8/PPP1R1PP/2K5 w - -"]
[Timezone "UTC"]
[ECO "C31"]
[ECOUrl "https://www.chess.com/openings/Kings-Gambit-Declined-Falkbeer-Blackburne-Attack"]
[UTCDate "2010.12.06"]
[UTCTime "21:38:58"]
[WhiteElo "1305"]
[BlackElo "1592"]
[TimeControl "60"]
[Termination "hipposcottimus won on time"]
[StartTime "21:38:58"]
[EndDate "2010.12.06"]
[EndTime "21:41:13"]
[Link "https://www.chess.com/game/live/74720476"]

1. e4 e5 2. f4 d5 3. Nf3 dxe4 4. Nxe5 f6 5. Qh5+ g6 6. Nxg6 Ne7 7. Nxh8+ Ng6 8. Nxg6 hxg6 9. Qxg6+ Ke7 10. Qxe4+ Kd6 11. Nc3 Be6 12. Bc4 Bxc4 13. Qxc4 Qe7+ 14. Qe2 Nd7 15. Qxe7+ Bxe7 16. Ne4+ Ke6 17. d3 Kf7 18. Bd2 Bd6 19. Nxd6+ cxd6 20. O-O-O Ke7 21. Bc3 Kd8 22. Rhe1 Kc7 23. f5 Rd8 24. Re7 Kb8 25. d4 Nf8 26. Rf7 Nd7 27. d5 Ne5 28. Bxe5 dxe5 29. Rxf6 Re8 30. d6 e4 31. d7 Rd8 32. Re6 e3 33. Re8 Kc7 34. Rxd8 Kxd8 35. Re1 e2 36. Rxe2 Kxd7 0-1

[Event "Live Chess"]
[Site "Chess.com"]
[Date "2010.12.06"]
[Round "-"]
[White "hipposcottimus"]
[Black "Elud"]
[Result "1-0"]
[CurrentPosition "8/4p2p/R1p2k2/1B3p2/4b3/1KP1P3/P5r1/8 b - -"]
[Timezone "UTC"]
[ECO "B07"]
[ECOUrl "https://www.chess.com/openings/Pirc-Defense-Modern-Defense-Geller-System-2...Nf6"]
[UTCDate "2010.12.06"]
[UTCTime "21:36:22"]
[WhiteElo "1589"]
[BlackElo "1313"]
[TimeControl "60"]
[Termination "hipposcottimus won on time"]
[StartTime "21:36:22"]
[EndDate "2010.12.06"]
[EndTime "21:38:28"]
[Link "https://www.chess.com/game/live/74719837"]

1. e4 d6 2. Nf3 Nf6 3. d4 g6 4. e5 dxe5 5. dxe5 Qxd1+ 6. Kxd1 Ng4 7. Bd3 Bg7 8. Be3 O-O 9. Kd2 Nxe5 10. Nc3 Nxf3+ 11. gxf3 Nc6 12. Rad1 Be6 13. Kc1 Rfd8 14. Kb1 Bxc3 15. bxc3 Ne5 16. Bd4 Nxf3 17. Be3 Ne5 18. Be4 c6 19. Rdg1 Nc4 20. h4 Nxe3 21. fxe3 f5 22. Bd3 Bd5 23. Rh2 Rd6 24. h5 Be4 25. hxg6 Rxg6 26. Bc4+ Kg7 27. Rd1 Rg2 28. Rxg2+ Bxg2 29. Rd7 Kf6 30. Rxb7 Rg8 31. Rc7 Rg7 32. Kb2 Be4 33. Rxa7 Rg2 34. Ra6 Rxc2+ 35. Kb3 Rg2 36. Bb5 1-0

[Event "Live Chess"]
[Site "Chess.com"]
[Date "2010.12.06"]
[Round "-"]
[White "hipposcottimus"]
[Black "matijasec"]
[Result "1-0"]
[CurrentPosition "2r5/p6p/6p1/8/1k2N3/1P6/P2R2PP/5RK1 b - -"]
[Timezone "UTC"]
[ECO "B06"]
[ECOUrl "https://www.chess.com/openings/Modern-Defense-with-1-e4"]
[UTCDate "2010.12.06"]
[UTCTime "21:33:58"]
[WhiteElo "1586"]
[BlackElo "1358"]
[TimeControl "60"]
[Termination "hipposcottimus won on time"]
[StartTime "21:33:58"]
[EndDate "2010.12.06"]
[EndTime "21:35:51"]
[Link "https://www.chess.com/game/live/74719153"]

1. e4 g6 2. e5 d6 3. f4 Bg7 4. d4 Nc6 5. Nf3 f6 6. d5 Nxe5 7. fxe5 dxe5 8. Nc3 e6 9. Bb5+ Bd7 10. dxe6 Bxb5 11. Qxd8+ Rxd8 12. Nxb5 Ne7 13. Nxc7+ Kf8 14. O-O f5 15. Bg5 e4 16. Bxe7+ Kxe7 17. Nh4 Rc8 18. Nxf5+ Kf6 19. Nd5+ Kxe6 20. Nxg7+ Kxd5 21. Rad1+ Kc4 22. c3 Kb5 23. Ne6 Ka4 24. Nd4 b5 25. b3+ Ka3 26. Rd2 Rxc3 27. Nxb5+ Kb4 28. Nxc3 Rc8 29. Nxe4 1-0